 Dungeon Sprint DCSS version 0.29-a0-824-gd827844252 (webtiles) character file.

Game seed: 5540938884154269562

1344 rocky1 the Carver (level 8, -5/68 HPs)
             Began as a Human Gladiator on July 10, 2022.
             Was a Priest of Okawaru.
             Slain by a bog body (25 damage)
             ... in the Dungeon (Sprint VII: "The Pits").
             The game lasted 00:05:47 (1295 turns).

rocky1 the Carver (Human Gladiator)                 Turns: 1295, Time: 00:05:47

Health: -5/68      AC: 17    Str: 14    XL:     8   Next: 94%
Magic:  13/14      EV: 12    Int:  9    God:    Okawaru [***...]
Gold:   0          SH:  0    Dex: 17    Spells: 7/7 levels left

rFire   . . .      SeeInvis .   o - +4 long sword (freeze)
rCold   . . .      Faith    .   (no shield)
rNeg    . . .      Spirit   .   a - +3 chain mail
rPois   .          Reflect  .   c - +0 helmet
rElec   .          Harm     .   (no cloak)
rCorr   .          Rampage  .   (no gloves)
Will    .....      NoTele   +   (no boots)
Stlth   ..........              (no amulet)
HPRegen 0.21/turn               (no ring)
MPRegen 0.14/turn               (no ring)

@: heroic, slowed, very slow
A: no striking features
a: Renounce Religion, Heroism


You were in the Dungeon.
You worshipped Okawaru.
Okawaru was most pleased with you.
You visited 1 branch

Inventory:

Hand Weapons
 n - a +1 long sword of flaming
 o - a +4 long sword of freezing (weapon)
Missiles
 b - a curare-tipped dart
 d - 2 throwing nets (quivered)
 e - a javelin
Armour
 a - a +3 chain mail (worn)
 c - a +0 helmet (worn)
Scrolls
 k - a scroll of blinking
 m - 5 scrolls of amnesia
Potions
 f - 5 potions of curing
 g - 4 potions of heal wounds
 h - a potion of haste
 i - 4 potions of magic
 j - 3 potions of berserk rage
 l - 2 potions of invisibility


   Skills:
 + Level 7.8(12.8) Fighting
 + Level 11.5(16.5) Long Blades
 - Level 2.0(7.0) Throwing
 + Level 7.4(12.4) Armour
 + Level 8.2(13.2) Dodging
 + Level 8.1 Invocations


You had 7 spell levels left.
You didn't know any spells.
Your spell library was empty.

Dungeon Overview and Level Annotations

Branches:
Dungeon (1/1)

Altars:
Ashenzari
Cheibriados
Dithmenos
Elyvilon
Fedhas
Gozag
Hepliaklqana
Kikubaaqudgha
Makhleb
Nemelex Xobeh
Okawaru
Qazlal
Ru
Sif Muna
Trog
Uskayaw
Vehumet
Wu Jian
Xom
Yredelemnul
Zin
The Shining One
Jiyva
Lugonu


Message History

Done waiting.
You start waiting.
Done waiting.
You open the door.
A hound, a bog body and a hell rat come into view.
The hound barks!
The hell rat roars deafeningly!
Unknown command.
There is an open door, spattered with blood here.
Things that are here:
a +0 short sword; a +0 ring mail The hound bites you but does no damage.
You gain the combat prowess of a mighty hero.
The hound misses you.
You hit the hound. You freeze the hound.
The hound is heavily wounded.
The hound bites you but does no damage.
You slice the hound!! You freeze the hound.
You kill the hound!
Okawaru accepts your kill.
You closely miss the bog body. The bog body casts a spell at you.
You feel yourself slow down.
You slash the bog body! You freeze the bog body.
The bog body is moderately damaged.
The bog body casts a spell at you. The bolt of cold hits you!!
You hit the bog body.
The bog body is heavily damaged.
The bog body touches you. The bog body freezes you!
You barely miss the bog body.
The bog body is heavily damaged.
The bog body touches you. The bog body freezes you!
* * * LOW HITPOINT WARNING * * *
You feel much better. The bog body barely misses you.
You closely miss the bog body.
The bog body is heavily damaged.
The bog body touches you!
* * * LOW HITPOINT WARNING * * *
The bog body freezes you!!
You die...

#.##'####))##.......#
#.#.....#..##.......#
#.#.....#'###...<...#
#.#........##.......#
#)#........##.......#
#)###########.......#
#)......#..##########
#.###...#)## ###
#.#.....#@# ...#
#.#...#.#n#....#
#.....#.#r'....+
#..[###.#'#....#
#....)..รท.#....#
########### ####


You could see a bog body and a hell rat.

Vanquished Creatures
  A great orb of eyes (D)
  An ice beast (D)
  A kobold brigand (D)
  A scorpion (D)
  7 wights (D)
  2 hounds (D)
  An orc priest (D)
  An orc wizard (D)
  An adder (D)
  An ufetubus (D)
  3 orcs (D)
  A hobgoblin (D)
  8 jackals (D)
  A quokka (D)
  A rat (D)
31 creatures vanquished.

Notes
Turn   | Place    | Note
-------+----------+-------------------------------------------
     0 | D        | rocky1 the Human Gladiator began the quest for the Orb.
     0 | D        | Reached XP level 1. HP: 16/16 MP: 1/1
    21 | D        | Found a bloodstained altar of Trog.
    21 | D        | Found a shimmering blue altar of Sif Muna.
    21 | D        | Found a viscous altar of Jiyva.
    21 | D        | Found a hazy altar of Hepliaklqana.
    21 | D        | Found an opulent altar of Gozag.
    22 | D        | Found a glowing golden altar of the Shining One.
    22 | D        | Found a glowing silver altar of Zin.
    22 | D        | Found a basalt altar of Yredelemnul.
    22 | D        | Found a shimmering altar of Xom.
    22 | D        | Found an ornate altar of the Wu Jian Council.
    22 | D        | Found a sacrificial altar of Ru.
    22 | D        | Found a stormy altar of Qazlal.
    22 | D        | Found an iron altar of Okawaru.
    22 | D        | Found a sparkling altar of Nemelex Xobeh.
    22 | D        | Found a burning altar of Makhleb.
    22 | D        | Found a blossoming altar of Fedhas.
    22 | D        | Found a white marble altar of Elyvilon.
    22 | D        | Found a shadowy altar of Dithmenos.
    22 | D        | Found a snail-covered altar of Cheibriados.
    25 | D        | Found a corrupted altar of Lugonu.
    25 | D        | Found a radiant altar of Vehumet.
    26 | D        | Found an ancient bone altar of Kikubaaqudgha.
    26 | D        | Found a hide-covered altar of Uskayaw.
    26 | D        | Found a broken altar of Ashenzari.
    30 | D        | Became a worshipper of Warmaster Okawaru
    67 | D        | Reached skill level 4 in Long Blades
    81 | D        | Reached XP level 2. HP: 22/22 MP: 2/2
    83 | D        | Reached skill level 5 in Long Blades
   164 | D        | Noticed a scorpion
   181 | D        | Killed a scorpion
   181 | D        | Reached * piety under Okawaru
   182 | D        | Reached skill level 8 in Long Blades
   182 | D        | Reached XP level 3. HP: 22/27 MP: 3/3
   182 | D        | Reached XP level 4. HP: 27/33 MP: 4/4
   549 | D        | Noticed a kobold brigand
   549 | D        | Noticed a wight
   560 | D        | Killed a kobold brigand
   561 | D        | Reached skill level 9 in Long Blades
   561 | D        | Reached XP level 5. HP: 41/41 MP: 2/6
   562 | D        | Noticed an ice beast
   573 | D        | Reached XP level 6. HP: 43/48 MP: 3/8
   577 | D        | Reached ** piety under Okawaru
   578 | D        | Reached skill level 5 in Dodging
   586 | D        | Reached skill level 5 in Fighting
   592 | D        | Killed an ice beast
   593 | D        | Reached skill level 10 in Long Blades
   593 | D        | Reached skill level 5 in Armour
   593 | D        | Reached skill level 5 in Invocations
   593 | D        | Reached XP level 7. HP: 34/56 MP: 3/11
   951 | D        | Noticed a great orb of eyes
   962 | D        | Paralysed by a great orb of eyes for 3 turns
   966 | D        | Killed a great orb of eyes
   966 | D        | Reached *** piety under Okawaru
   967 | D        | Reached skill level 11 in Long Blades
   967 | D        | Reached XP level 8. HP: 48/68 MP: 10/14
  1284 | D        | Noticed a bog body
  1295 | D        | Slain by a bog body

Illustrated notes

Levels and vault maps discovered:
D:        pitsprint [storerooms_1, entrance_room_1, metal_vault_5, armoury_2,
          mini_pit_1, grid_room_1, main_hall_1, silver_pit, the_coven_3,
          the_vestibule_1, steel_vault_4, golden_pit, hallway_of_sentries,
          crystal_vault_1, iron_vault_4, final_vault]

Skill      XL: |  1  2  3  4  5  6  7 |
---------------+----------------------+-----
Long Blades    | 4 8 9 10 11 | 11.5
Fighting       | 3 4 5 7 |  7.8
Armour         | 2 3 5 7 |  7.4
Invocations    | 2 3 5 8 |  8.1
Dodging        | 4 6 8 |  8.2
Throwing       | |  2.0

Action                   |  1- 3 |  4- 6 |  7- 9 || total
-------------------------+-------+-------+-------++-------
Melee: Long sword        |    26 |    31 |    48 ||   105
       Punch             |       |     1 |       ||     1
Throw: Throwing net      |     2 |       |       ||     2
Invok: Heroism           |       |     2 |     2 ||     4
  Use: Potion            |       |     2 |     1 ||     3
Armor: Leather armour    |     6 |     2 |       ||     8
       Chain mail        |       |     9 |    15 ||    24
Dodge: Dodged            |    17 |    13 |    13 ||    43

Table legend: (Time is in decaauts)
 A = Elapsed time spent in this place.
 B = Non-inter-level travel time spent in this place.
 C = Inter-level travel time spent in this place.
 D = Time resting spent in this place.
 E = Time spent auto-exploring this place.
 F = Levels seen in this place.
 G = Mean time per level.
                   A        B        C        D        E       F      G
               +--------+--------+--------+--------+--------+-----+--------+
         Total |   1283 |   1283 |      0 |    960 |      0 |   1 | 1283.0 |
       Dungeon |   1283 |   1283 |      0 |    960 |      0 |   1 | 1283.0 |
               +--------+--------+--------+--------+--------+-----+--------+

Top non-repeatable levels by time:
       D: 1283 daAuts
